 Dungeon Crawl Stone Soup version 0.17-a0-1129-g5854844 (webtiles) character file.

12797 RobertPalmer the Cruncher (level 11, -11/81 HPs)
             Began as a Mummy Gladiator on May 23, 2015.
             Was an Initiate of Gozag.
             Mangled by an ettin
             ... wielding a +0 dire flail
              (15 damage)
             ... on level 4 of the Orcish Mines on May 24, 2015.
             The game lasted 00:39:12 (17824 turns).

RobertPalmer the Cruncher (Mummy Gladiator)        Turns: 17824, Time: 00:39:13

Health: -11/81     AC: 18    Str: 18    XL:     11   Next: 67%
Magic:  11/11      EV: 20    Int: 14    God:    Gozag
Gold:   503        SH:  0    Dex: 23    Spells: 1 memorised, 8 levels left

rFire  . . .     SeeInvis +     a - +1 quarterstaff
rCold  + . .     Clarity  .     f - +1 chain mail {rF+}
rNeg   + + +     SustAt   .     (no shield)
rPois  ∞         Gourm    .     F - +0 hat {SInv}
rElec  .         Spirit   .     E - +2 cloak "Wivol" {rPois Int+3}
rCorr  .         Warding  .     u - +0 pair of gloves
rMut   .         Stasis   .     n - +0 pair of boots
MR     +....                    s - amulet of faith {Faith, !P}
Stlth  ..........               t - +2 ring of evasion
                                o - +5 ring of dexterity

@: agile, very slightly contaminated, hasted, very quick, somewhat resistant to
hostile enchantments, extremely unstealthy
A: no food or potions, fire vulnerability, cold resistance 1, negative energy
resistance 3, torment resistance, unbreathing
a: Potion Petition, Call Merchant, Bribe Branch, Renounce Religion


You were on level 4 of the Orcish Mines.
You worshipped Gozag.
Gozag was noncommittal.
You were not hungry.

You visited 2 branches of the dungeon, and saw 14 of its levels.
You also visited: Ossuary.

You collected 4115 gold pieces.
You spent 1280 gold pieces at shops.
You paid 2332 gold pieces to Gozag.

Inventory:

Hand weapons
 a - a +1 quarterstaff (weapon)
Missiles
 d - 3 throwing nets {=f, !d}
Armour
 f - a +1 chain mail of fire resistance (worn)
   (You bought it in a shop on level 9 of the Dungeon)
 n - a +0 pair of boots (worn)
   (You found it on level 5 of the Dungeon)
 u - a +0 pair of gloves (worn)
   (You found it on level 7 of the Dungeon)
 E - the +2 cloak "Wivol" (worn) {rPois Int+3}
   (You bought it in a shop on level 9 of the Dungeon)

   It affects your intelligence (+3).
   It protects you from poison.
 F - a +0 hat of see invisible (worn)
   (You found it on level 2 of the Orcish Mines)
Jewellery
 e - an uncursed ring of flight {+Fly, !d}
   (You found it on level 1 of the Dungeon)
 j - an uncursed ring of protection from fire {rF+, !d}
   (You found it on level 2 of the Dungeon)
 o - a +5 ring of dexterity (left hand)
   (You found it on level 5 of the Dungeon)
 s - an amulet of faith (around neck) {Faith, !P}
   (You found it on level 7 of the Dungeon)
 t - a +2 ring of evasion (right hand)
   (You found it on level 6 of the Dungeon)
 C - an uncursed amulet of guardian spirit {Spirit}
   (You bought it in a shop on level 4 of the Dungeon)
Magical devices
 m - a wand of magic darts (17)
   (You took it off an orc on level 2 of the Orcish Mines)
 q - a wand of enslavement (0)
   (You found it on level 9 of the Dungeon)
 r - a wand of flame (11)
   (You took it off an orc on level 2 of the Orcish Mines)
 w - a wand of draining (0)
   (You found it on level 7 of the Dungeon)
 z - a wand of fire (0)
   (You found it on level 7 of the Dungeon)
 A - a wand of fire (0)
   (You found it on level 7 of the Dungeon)
 B - a wand of flame (14)
   (You took it off an orc on level 2 of the Orcish Mines)
Scrolls
 b - 5 scrolls of remove curse
 h - 2 scrolls of teleportation
 l - a scroll of enchant weapon
 p - 3 scrolls of magic mapping {!r}
 x - 3 scrolls of identify
 y - a scroll of amnesia
Books
 c - a book of Minor Magic
   (You found it on level 2 of the Orcish Mines)
 g - a book of Spatial Translocations
   (You found it on level 2 of the Dungeon)
 i - a book of Beasts
   (You found it on level 10 of the Dungeon)
 k - a book of the Warp
   (You found it on level 10 of the Dungeon)
 v - a book of Necromancy
   (You found it on level 7 of the Dungeon)
 D - a book of Minor Magic
   (You found it on level 2 of the Orcish Mines)


   Skills:
 - Level 6.0 Fighting
 + Level 10.5 Staves
 - Level 1.5 Throwing
 - Level 8.6 Armour
 - Level 7.7 Dodging


You had 8 spell levels left.
You knew the following spells:

 Your Spells              Type           Power        Failure   Level  Hunger
d - Repel Missiles        Chrm/Air       #.....       100%        2    N/A

Dungeon Overview and Level Annotations

Branches:
Dungeon (10/15)            Temple (0/1) D:6             Orc (4/4) D:9
    Elf (0/3) Orc:4
   Lair: D:8-11

Altars:
Cheibriados
Dithmenos
Elyvilon
Gozag
Kikubaaqudgha
Makhleb
Sif Muna
Trog
Vehumet
Xom
Beogh

Shops:
D:4 =[=?}   D:8 [   D:9 [   Orc:4 *

Annotations:
D:10 Maud


Innate Abilities, Weirdness & Mutations

You do not eat or drink.
Your flesh is vulnerable to fire.
You are immune to poison.
Your flesh is cold resistant.
You are immune to negative energy.
You are immune to unholy pain and torment.
You can survive without breathing.


Message History

Your chain mail prevents you from hitting the troll.
The troll closely misses you. The troll claws you but does no damage.
The troll claws you but does no damage.
You sock the troll! The troll bites you but does no damage.
The troll claws you but does no damage. The troll claws you.
You take 1 damage, and have 64/81 hp.
You hit the troll. The troll bites you! The troll closely misses you.
The troll claws you but does no damage.
You take 13 damage, and have 51/81 hp.
You barely miss the troll. The troll bites you but does no damage.
The troll misses you. The troll closely misses you.
You hit the troll but do no damage. You hit the troll. The troll misses you.
The troll misses you. The troll closely misses you.
You hit the troll.
You kill the troll!
Your Fighting skill increases to level 6!
You now have 743 gold pieces (gained 15).
There is a stone staircase leading up here.
You start resting.
You regained 13 hp, and now have 66/81 hp.
Unknown command.
You are undead.
Your movement speed is average.
Your attack speed is above average.
You are somewhat resistant to hostile enchantments.
You feel extremely unstealthy.
The orc shouts!
An ogre comes into view. It is wielding a giant spiked club.
The ogre shouts!
Your chain mail prevents you from hitting the orc.
The orc hits you but does no damage.
You sock the orc!
You kill the orc!
The ogre barely misses you.
You sock the ogre! The ogre misses you.
You sock the ogre!
You kill the ogre!
No target in view!
No target in view!
You now have 747 gold pieces (gained 4).
You see here a whip.
You now have 764 gold pieces (gained 17).
You see here a giant spiked club.
You now have 781 gold pieces (gained 17).
Found Okhlyotwowk's Off-Brand Ammunition.
You regained 4 hp, and now have 72/81 hp.
You now have enough gold to fund merchants seeking to open stores in the dungeon.
You now have 805 gold pieces (gained 24).
There is an entrance to Okhlyotwowk's Off-Brand Ammunition here.
Unknown command.
You now have 811 gold pieces (gained 6).
Found a staircase to the Elven Halls.
Health restored: 81 The ettin shouts in stereo!
The ettin is too close now for your liking.
An ettin is nearby!
An ettin is nearby! [a] - 551 gold - heal wounds, haste and agility [b] - 240 gold - heal wounds and berserk rage [c] - 308 gold - haste and agility Purchase which effect?
You no longer have enough gold to fund merchants seeking to open stores in the dungeon.
You feel yourself speed up.
You feel agile all of a sudden.
You are very lightly contaminated with residual magic.
There is an escape hatch in the ceiling here.
You hit the ettin but do no damage. The ettin closely misses you.
The ettin hits you with a dire flail!!
You take 29 damage, and have 52/81 hp.
MASSIVE DAMAGE!!
You hit the ettin. You hit the ettin but do no damage. You hit the ettin.
The ettin hits you with a dire flail!! The ettin misses you.
You take 18 damage, and have 34/81 hp.
MASSIVE DAMAGE!!
You thump the ettin! You sock the ettin! The ettin hits you but does no damage.
The ettin barely misses you.
You hit the ettin. You hit the ettin but do no damage.
The ettin hits you with a dire flail!!
* * * LOW HITPOINT WARNING * * *
The ettin completely misses you.
You take 23 damage, and have 11/81 hp.
MASSIVE DAMAGE!!
You hit the ettin.
Unknown command.
You hit the ettin. The ettin hits you with a dire flail!
* * * LOW HITPOINT WARNING * * *
The ettin barely misses you.
You take 7 damage, and have 4/81 hp.
You hit the ettin but do no damage. You thump the ettin! You hit the ettin.
The ettin barely misses you. The ettin completely misses you.
Unknown command.
You hit the ettin but do no damage.
Your chain mail prevents you from hitting the ettin.
The ettin hits you but does no damage. The ettin hits you with a dire flail!
You die...
Your body crumbles into a pile of gold.

....##.........#.......≈≈≈≈≈.....
...##.#.....).####.....≈8.8≈.....
.#######).....####.....≈.∩.≈.#...
..#.##..........#......§8.8≈.##..
....##..........##.....≈≈.≈≈.#...
...........##...#................
.........###........#............
###.....## #......####.........##
#.....### ##...@..# ##.#.##...#
##.....#.###...C...# ##########
#.........##.......#
........###.....#....
................##....
..###.........### #.....
..####........ .....
...###........ .....
...#......#...


You could see an ettin.

Vanquished Creatures
  A yaktaur captain (D:10)
  Harold (Orc:1)
  An orc sorcerer (Orc:3)
  An orc knight (Orc:3)
  Maurice (Orc:1)
  A deep elf priest (D:9)
  3 trolls
  A queen bee (D:10)
  A two-headed ogre (D:8)
  A wyvern (D:8)
  A spriggan (D:8)
  2 deep elf magi (Orc:2)
  A vampire mosquito (D:10)
  A warg (Orc:4)
  A hippogriff (D:9)
  3 sky beasts
  A swamp drake (Orc:2)
  5 centaurs
  3 ice beasts
  3 phantoms
  10 orc warriors
  A gnoll sergeant (D:8)
  8 ogres
  6 giant frogs
  An elf zombie (Ossuary)
  4 scorpions
  4 killer bees
  4 wights (D:6)
  2 vampire bats (D:9)
  3 crimson imps
  A giant frog zombie (D:8)
  5 hounds
  25 orc wizards
  A centaur zombie (D:10)
  21 orc priests
  2 jellies
  2 centaur skeletons
  An iron imp (Orc:2)
  7 worker ants
  4 big kobold zombies (Ossuary)
  A killer bee zombie (D:8)
  3 mummies
  5 gnolls
  3 worker ant zombies
  8 adders
  A white imp (Orc:2)
  2 shadow imps
  6 oozes (D:1)
  2 adder skeletons
  An adder zombie (D:9)
  2 worms
  4 giant geckos
  113 orcs
  2 ball pythons
  14 bats
  5 bat skeletons
  2 bat zombies (D:9)
  11 giant cockroaches
  2 gnoll zombies (Ossuary)
  15 goblins
  14 hobgoblins
  9 jackals
  9 kobolds
  10 quokkas
  A giant gecko zombie (D:8)
  6 giant newts
  4 goblin zombies
  4 hobgoblin zombies (Ossuary)
  An orc zombie (Ossuary)
  A quokka zombie (D:4)
  37 rats
443 creatures vanquished.

Vanquished Creatures (collateral kills)
  2 centaur warriors (D:10)
  A cyclops (D:10)
  A kobold demonologist (D:10)
  A yak (D:10)
  An orc warrior (D:10)
  An ice beast (D:10)
  A giant frog (D:10)
  8 killer bees (D:7)
  A hound (D:10)
  An orc priest (D:10)
  A jelly (D:7)
  An iguana (D:10)
  2 adders (D:7)
  An orc (D:10)
  A kobold (D:10)
  A jackal (D:7)
25 creatures vanquished.

Vanquished Creatures (others)
  A raiju (D:10)
  A basilisk (D:10)
  A wyvern (D:10)
  A vampire mosquito (D:10)
  2 dancing weapons (D:10)
  5 centaurs (D:10)
  3 orcs
  8 plants (D:10)
22 creatures vanquished.

Grand Total: 490 creatures vanquished

Notes
Turn   | Place    | Note
--------------------------------------------------------------
     0 | D:1      | RobertPalmer the Mummy Gladiator began the quest for the Orb.
     0 | D:1      | Reached XP level 1. HP: 16/16 MP: 1/1
     1 | D:1      | Found a runed door.
     2 | D:1      | Noticed a jelly
   130 | D:1      | Reached XP level 2. HP: 13/22 MP: 2/2
   132 | D:1      | Reached skill level 3 in Staves
  1037 | D:1      | Reached XP level 3. HP: 24/27 MP: 3/3
  1048 | D:1      | Killed a jelly
  1048 | D:1      | Reached skill level 4 in Staves
  1048 | D:1      | Reached XP level 4. HP: 26/33 MP: 4/4
  1406 | D:2      | Found a shimmering altar of Xom.
  1790 | D:2      | Reached XP level 5. HP: 38/38 MP: 5/5
  2448 | D:3      | Reached skill level 5 in Staves
  2650 | D:3      | Found a radiant altar of Vehumet.
  2651 | D:3      | Found a burning altar of Makhleb.
  2872 | D:4      | Found a sand-covered staircase.
  2885 | D:4      | HP: 9/38 [mummy (9)]
  2909 | Ossuary  | Entered an ossuary
  3310 | Ossuary  | Reached XP level 6. HP: 44/44 MP: 6/6
  3467 | Ossuary  | Reached skill level 6 in Staves
  3793 | D:4      | Found an opulent altar of Gozag.
  3808 | D:4      | Became a worshipper of Gozag Ym Sagoz the Greedy
  3833 | D:4      | Found Degep's Gadget Emporium.
  3853 | D:4      | Bought a plain deck of summoning for 154 gold pieces
  4328 | D:4      | Found Exoomi's Jewellery Shop.
  4380 | D:4      | Reached XP level 7. HP: 45/50 MP: 7/7
  4466 | D:4      | Reached skill level 7 in Staves
  4484 | D:4      | Found Naaraopn's Jewellery Shoppe.
  4495 | D:4      | Found Zeisiawn's Magic Scroll Emporium.
  5019 | D:4      | Found Sewutuhi's Armour Boutique.
  5144 | D:5      | Entered Level 5 of the Dungeon
  5808 | D:5      | Reached skill level 8 in Staves
  5862 | D:5      | Found a snail-covered altar of Cheibriados.
  5936 | D:5      | Reached XP level 8. HP: 30/56 MP: 8/8
  6566 | D:6      | Found a staircase to the Ecumenical Temple.
  6645 | D:6      | Found a white marble altar of Elyvilon.
  6790 | D:6      | Reached skill level 9 in Staves
  7435 | D:7      | Reached skill level 10 in Staves
  7475 | D:7      | HP: 12/56 [killer bee (3)]
  7843 | D:7      | Noticed a moth of wrath
  7979 | D:7      | Reached XP level 9. HP: 58/61 MP: 9/9
  8390 | D:7      | Found a bloodstained altar of Trog.
  8659 | D:4      | Bought an uncursed amulet of guardian spirit for 300 gold pieces
  8754 | D:7      | Reached skill level 1 in Armour
  8801 | D:8      | Reached skill level 2 in Armour
  8994 | D:8      | Reached skill level 3 in Armour
  9362 | D:8      | Reached skill level 4 in Armour
  9447 | D:8      | Found a shadowy altar of Dithmenos.
  9480 | D:8      | Found Tauzunocw's Antique Armour Shop.
  9485 | D:8      | Bought an encrusted leather armour for 168 gold pieces
  9495 | D:8      | Identified the +4 leather armour of Qogux {rElec} (You bought it in a shop on level 8 of the Dungeon)
  9498 | D:8      | Bought a wizard robe for 136 gold pieces
  9508 | D:8      | Identified the +2 robe of Fashionability {Dex+5} (You bought it in a shop on level 8 of the Dungeon)
  9640 | D:8      | Reached skill level 3 in Dodging
 10002 | D:9      | Found a staircase to the Orcish Mines.
 10042 | D:9      | Found Lisacidghe's Armour Shop.
 10089 | D:9      | Bought a +0 chain mail of fire resistance for 138 gold pieces
 10089 | D:9      | Bought the +2 cloak "Wivol" {rPois Int+3} for 384 gold pieces
 10237 | D:9      | Found an ancient bone altar of Kikubaaqudgha.
 10243 | D:9      | Reached skill level 5 in Armour
 10567 | D:9      | Reached XP level 10. HP: 35/67 MP: 6/10
 10800 | D:9      | Reached skill level 6 in Armour
 11255 | D:9      | Found a deep blue altar of Sif Muna.
 11283 | D:10     | Entered Level 10 of the Dungeon
 11327 | D:10     | Reached skill level 7 in Armour
 11422 | D:10     | HP: 13/67 [vampire mosquito (6)]
 11548 | D:10     | Noticed a cyclops
 11558 | D:10     | Killed a cyclops
 11639 | D:10     | Noticed a yaktaur captain
 11755 | D:10     | Noticed a centaur warrior
 11777 | D:10     | Killed a centaur warrior
 11777 | D:10     | Reached skill level 8 in Armour
 12033 | D:10     | Noticed a centaur warrior
 12042 | D:10     | Killed a centaur warrior
 12042 | D:10     | Reached skill level 4 in Dodging
 12060 | D:10     | Killed a yaktaur captain
 12060 | D:10     | Reached skill level 5 in Dodging
 12161 | D:10     | Noticed a hill giant
 12162 | D:10     | Noticed Maud
 12274 | Orc:1    | Entered Level 1 of the Orcish Mines
 12293 | Orc:1    | Noticed Harold
 12333 | Orc:1    | Reached XP level 11. HP: 47/72 MP: 11/11
 12396 | Orc:1    | Killed Harold
 12396 | Orc:1    | Reached skill level 6 in Dodging
 12508 | Orc:1    | Noticed Maurice
 12599 | Orc:1    | Killed Maurice
 13248 | Orc:2    | Reached skill level 7 in Dodging
 13744 | Orc:2    | Learned a level 2 spell: Repel Missiles
 14817 | Orc:3    | Reached skill level 3 in Fighting
 15273 | Orc:3    | Found a roughly hewn altar of Beogh.
 15693 | Orc:3    | Paralysed by an orc sorcerer for 3 turns
 15710 | Orc:3    | Paralysed by an orc sorcerer for 3 turns
 15716 | Orc:3    | HP: 17/76 [red devil/trident[an orc sorcerer] (11)]
 15719 | Orc:3    | Reached skill level 4 in Fighting
 15938 | Orc:4    | Entered Level 4 of the Orcish Mines
 16007 | Orc:4    | HP: 19/78 [troll (2)]
 16672 | Orc:4    | Reached skill level 5 in Fighting
 17401 | Orc:4    | Noticed an ettin
 17423 | Orc:3    | Upgraded the game from 0.17-a0-1115-g0372368 to 0.17-a0-1129-g5854844
 17646 | Orc:4    | Reached skill level 6 in Fighting
 17733 | Orc:4    | Found Okhlyotwowk's Off-Brand Ammunition.
 17774 | Orc:4    | Found a staircase to the Elven Halls.
 17817 | Orc:4    | HP: 11/81 [ettin/dire flail (24)]
 17819 | Orc:4    | HP: 4/81 [ettin/dire flail (7)]
 17824 | Orc:4    | Mangled by an ettin

Vault maps used:
D:1:      dpeg_arrival_caged_fury, minmay_circled_x
D:2:      xom_butterflies, first_bread
D:3:      grunt_temple_overflow_lords_of_destruction, minmay_rat_hole
D:4:      serial_shops, nicolae_shop_statue_plus, shop, kennysheep_little_box,
          nicolae_shop_stone, nicolae_shop_stone, nicolae_ossuary_entry_giza,
          grunt_gozag_breadcrumbs
D:5:      kennysheep_mini, kennysheep_path_1
D:6:      elyvilon_altar_1, minmay_temple_entry_grid
D:7:      tgw_trog, dk_vineyard_3
D:8:      serial_shops, nicolae_shop_stone, the_bakery,
          nicolae_dithmenos_the_darkroom
D:9:      kennysheep_vampire_church, orc_david_3, serial_park,
          serial_park_square3, serial_park_tiny_1, serial_park_gazebo,
          st_stairs_3, david_defended_altar_elf
D:10:     hangedman_cross_veins, nicolae_looking_at_the_future, uniq_maud
Orc:1:    uniq_maurice, uniq_harold
Orc:2:    hangedman_minor_magic
Orc:3:    basic_altar, nicolae_orc_pool_cavern
Orc:4:    st_orc_ogre_mass, nicolae_offbrand_ammo
Ossuary:  minmay_ossuary_gauntlet

Action                   |  1- 3 |  4- 6 |  7- 9 | 10-12 || total
-------------------------+-------+-------+-------+-------++-------
Melee: Quarterstaff      |    76 |   384 |   564 |   956 ||  1980
Throw: Throwing net      |       |       |       |    20 ||    20
Invok: Potion Petition   |       |       |       |     7 ||     7
Evoke: Deck              |       |       |     3 |     9 ||    12
       Wand              |       |       |     1 |    24 ||    25
  Use: Scroll            |     4 |     5 |     8 |     4 ||    21
 Stab: Distracted        |       |       |     3 |     3 ||     6
       Held in net/web   |       |       |       |    10 ||    10
       Invisible         |       |       |       |     4 ||     4

Vault maps used:
D:1:      dpeg_arrival_caged_fury, minmay_circled_x
D:2:      xom_butterflies, first_bread
D:3:      grunt_temple_overflow_lords_of_destruction, minmay_rat_hole
D:4:      serial_shops, nicolae_shop_statue_plus, shop, kennysheep_little_box,
          nicolae_shop_stone, nicolae_shop_stone, nicolae_ossuary_entry_giza,
          grunt_gozag_breadcrumbs
D:5:      kennysheep_mini, kennysheep_path_1
D:6:      elyvilon_altar_1, minmay_temple_entry_grid
D:7:      tgw_trog, dk_vineyard_3
D:8:      serial_shops, nicolae_shop_stone, the_bakery,
          nicolae_dithmenos_the_darkroom
D:9:      kennysheep_vampire_church, orc_david_3, serial_park,
          serial_park_square3, serial_park_tiny_1, serial_park_gazebo,
          st_stairs_3, david_defended_altar_elf
D:10:     hangedman_cross_veins, nicolae_looking_at_the_future, uniq_maud
Orc:1:    uniq_maurice, uniq_harold
Orc:2:    hangedman_minor_magic
Orc:3:    basic_altar, nicolae_orc_pool_cavern
Orc:4:    st_orc_ogre_mass, nicolae_offbrand_ammo
Ossuary:  minmay_ossuary_gauntlet

Table legend:
 A = Turns spent in this place as a percentage of turns spent in the entire game.
 B = Non-inter-level travel turns spent in this place as a percentage of non-inter-level travel turns spent in the entire game.
 C = Inter-level travel turns spent in this place as a percentage of turns spent in this place.
 D = Turns resting spent in this place as a percentage of non-inter-level travel turns spent in this place.
 E = Turns spent auto-exploring this place as a percentage of non-inter-level travel turns spent in this place.
 F = Non-inter-level travel turns spent in this place divided by the number of levels of this place that you've seen.
                   A       B       C       D       E      F
               +-------+-------+-------+-------+-------+----------------------
         Total | 100.0 | 100.0 |   0.4 |   2.1 |   5.4 | 406.5
       Dungeon |  63.4 |  63.3 |   0.4 |   1.1 |   7.1 | 386.1
  Orcish Mines |  31.8 |  31.8 |   0.3 |   3.8 |   3.0 | 485.0
       Ossuary |   4.9 |   4.9 |   0.0 |   3.0 |   0.0 | 297.0
               +-------+-------+-------+-------+-------+----------------------

Table legend:
 A = Kills in this place as a percentage of kills in entire the game.
 B = Kills by you in this place as a percentage of kills by you in the entire game.
 C = Kills by friends in this place as a percentage of kills by friends in the entire game.
 D = Other kills in this place as a percentage of other kills in the entire game.
 E = Experience gained in this place as a percentage of experience gained in the entire game.
 F = Experience gained in this place divided by the number of levels of this place that you have seen.
                   A       B       C       D       E      F
               +-------+-------+-------+-------+-------+----------------------
         Total | 100.0 | 100.0 | 100.0 |  -nan | 100.0 | 1218.8
       Dungeon |  63.0 |  60.9 | 100.0 |  -nan |  58.5 | 1070.3
  Orcish Mines |  33.6 |  35.4 |   0.0 |  -nan |  40.1 | 1831.8
       Ossuary |   3.4 |   3.6 |   0.0 |  -nan |   1.4 | 252.0
               +-------+-------+-------+-------+-------+----------------------
